 Dungeon Crawl Stone Soup version 0.31.0-12-g77e489cdc1 (webtiles) character file.

Game seed: 4934319146346143990

339 hawla the Firebug (level 6, -1/34 HPs)
             Began as a Deep Elf Fire Elementalist on Feb 12, 2024.
             Slain by an ogre
             ... wielding a +0 giant club
              (11 damage)
             ... on level 3 of the Dungeon.
             The game lasted 00:06:13 (2677 turns).

hawla the Firebug (Deep Elf Fire Elementalist)      Turns: 2677, Time: 00:06:13

Health: -1/34      AC:  5    Str:  5    XL:     6   Next: 29%
Magic:  12/12      EV: 13    Int: 22    God:
Gold:   124        SH:  0    Dex: 15    Spells: 8/11 levels left

rFire   . . .        g - +3 short sword (vamp)
rCold   . . .        (no shield)
rNeg    . . .        f - +2 robe {Will+}
rPois   .            (no helmet)
rElec   .            (no cloak)
rCorr   .            d - +0 pair of gloves
SInv    .            (no boots)
Will    +....        (no amulet)
Stlth   ++           (no ring)
HPRegen 0.25/turn    (no ring)
MPRegen 0.13/turn

%: no passive effects
@: no status effects
A: no striking features
a: no special abilities


You were on level 3 of the Dungeon.
You visited 1 branch of the dungeon, and saw 3 of its levels.

You collected 124 gold pieces.

Inventory:

Hand Weapons
 g - a +3 vampiric short sword (weapon)
Armour
 d - a +0 pair of gloves (worn)
 f - a +2 robe of willpower (worn)
Scrolls
 a - a scroll of brand weapon
Potions
 b - 2 potions of magic
 c - a potion of heal wounds
 e - a potion of attraction {unknown}


   Skills:
 - Level 1.0 Fighting
 + Level 2.4 Short Blades
 - Level 3.0 Dodging
 - Level 3.0 Stealth
 - Level 3.0 Spellcasting
 - Level 3.0 Conjurations
 - Level 6.0 Fire Magic


You had 8 spell levels left.
You knew the following spells:

 Your Spells              Type           Power      Damage    Failure   Level
a - Foxfire               Conj/Fire      92%        2x1d8     1%          1
b - Scorch                Fire           58%        2d7       1%          2

Your spell library contained the following spells:

 Spells                   Type           Power      Damage    Failure   Level
 Inner Flame              Hex/Fire       16%        N/A       11%         3
 Volatile Blastmotes      Fire/Tloc      32%        2d12      11%         3
 Flame Wave               Conj/Fire      23%        2d8       19%         4
 Frozen Ramparts          Ice            6%         1d1       36%         3
 Leda's Liquefaction      Alch/Erth      1%         N/A       77%         4
 Petrify                  Alch/Erth      3%         N/A       77%         4
 Metabolic Englaciation   Hex/Ice        1%         N/A       98%         5


Dungeon Overview and Level Annotations

Branches:
Dungeon (3/15)

Altars:
Xom


Message History

You hit the kobold.
You kill the kobold!
You hit the ogre.
You feel better.
The ogre is lightly wounded.
The ogre hits you with a +0 giant club!
Ouch! That really hurt!
As you read the scroll labelled UCA CUXODWUORO, it crumbles to dust.
It is a scroll of enchant armour.
Your +1 robe of willpower glows green for a while.
You hit the ogre.
The ogre is lightly wounded.
The ogre misses you.
You puncture the ogre!
You feel better.
The ogre is moderately wounded.
You barely miss the ogre.
The ogre is moderately wounded.
The ogre closely misses you.
You puncture the ogre!
You feel better.
The ogre is severely wounded.
The ogre hits you with a +0 giant club!
You hit the ogre but do no damage.
The ogre is heavily wounded.
You hit the ogre.
The ogre is severely wounded.
The ogre barely misses you.
You hit the ogre.
You feel better.
The ogre is almost dead.
You barely miss the ogre.
The ogre is almost dead.
The ogre barely misses you.
You barely miss the ogre.
The ogre is almost dead.
The ogre hits you with a +0 giant club.
* * * LOW HITPOINT WARNING * * *
You hit the ogre.
You feel better.
The ogre is almost dead.
You hit the ogre but do no damage. You punch the ogre, but do no damage.
The ogre is almost dead.
The ogre hits you with a +0 giant club!
You die...

#..#######.....###
.................
###.###.###.#....
. #.# ...... ..
#$###.#....o..
#.....#...l...
##.#### .....
#.#####..#.#.
#†.@Ool......
#.#####..#.#. #.#
.?.. #.. .... ..#
### ###


You could see an ogre, an orc and a frilled lizard.

Vanquished Creatures
  Sigmund (D:2)
  Natasha (D:3)
  An orc wizard (D:3)
  3 gnolls (D:3)
  2 adders (D:2)
  4 dart slugs
  A ribbon worm (D:2)
  7 orcs (D:3)
  2 bats
  An endoplasm (D:2)
  7 hobgoblins
  A quokka (D:3)
  8 ball pythons
  6 frilled lizards
  11 goblins
  8 kobolds
  5 rats
69 creatures vanquished.

Vanquished Creatures (others)
  114 foxfires
114 creatures vanquished.

Grand Total: 183 creatures vanquished

Notes
Turn   | Place    | Note
-------+----------+-------------------------------------------
     0 | D:1      | hawla the Deep Elf Fire Elementalist began the quest for
                  | the Orb.
     0 | D:1      | Reached XP level 1. HP: 10/10 MP: 6/6
   176 | D:1      | You fall into a shaft and drop 1 floor!
   192 | D:1      | Reached skill level 1 in Fighting
   203 | D:1      | Reached XP level 2. HP: 16/16 MP: 1/8
  1202 | D:2      | Reached XP level 3. HP: 20/20 MP: 4/9
  1251 | D:2      | Learned a level 2 spell: Scorch
  1295 | D:2      | Noticed Sigmund
  1301 | D:2      | Killed Sigmund
  1302 | D:2      | Reached skill level 5 in Fire Magic
  1302 | D:2      | Reached XP level 4. HP: 25/25 MP: 1/10
  1302 | D:2      | Reached XP level 5. HP: 29/29 MP: 1/11
  2097 | D:3      | Found a shimmering altar of Xom.
  2133 | D:3      | Reached skill level 6 in Fire Magic
  2133 | D:3      | Reached skill level 1 in Short Blades
  2152 | D:3      | Reached XP level 6. HP: 34/34 MP: 2/12
  2583 | D:3      | Noticed Natasha
  2591 | D:3      | Killed Natasha
  2677 | D:3      | Slain by an ogre

Illustrated notes

Levels and vault maps discovered:
D:1:      dpeg_arrival_central, layout_basic, minivault_25,
          chequers_hall_statues_corner_a
D:2:      layout_loops_cross, dreamdust_mushroom_princess, uniq_sigmund
D:3:      layout_loops_ring, pf_just_have_faith, nicolae_ecumenical_oubliette,
          grunt_ministairs_4, uniq_natasha

Skill      XL: |  1  2  3  4  5  6 |
---------------+-------------------+-----
Fighting       | 1 |  1.0
Dodging        | 3 |  3.0
Stealth        | 3 |  3.0
Conjurations   | 2 3 |  3.0
Fire Magic     | 5 6 |  6.0
Short Blades   | 1 2 |  2.4
Spellcasting   | |  3.0

Action                     |  1- 3 |  4- 6 || total
---------------------------+-------+-------++-------
  Melee: Unarmed           |     4 |     3 ||     7
         Short sword       |       |    70 ||    70
         Punch             |       |     1 ||     1
   Cast: Foxfire           |    48 |    19 ||    67
         Scorch            |     2 |    13 ||    15
    Use: Scroll            |     4 |     1 ||     5
   Stab: Sleeping          |       |     4 ||     4
 Armour: Robe              |     3 |    25 ||    28
  Dodge: Dodged            |     8 |    44 ||    52
